 Seeded DCSS version 0.28.0-62-gf88900778d (webtiles) character file.

Game seed: 13591998346360536447 (custom seed)

2 Psyclone the Conjurer (level 1, 0/10 HPs)
             Began as a Deep Elf Conjurer on Oct 30, 2023.
             Killed from afar by a dart slug (5 damage)
             ... with a slug dart
             ... on level 1 of the Dungeon.
             The game lasted 00:00:04 (70 turns).

Psyclone the Conjurer (Deep Elf Conjurer)             Turns: 70, Time: 00:00:05

Health: 0/10       AC:  2    Str:  4    XL:     1   Next: 25%
Magic:  5/6        EV: 12    Int: 22    God:
Gold:   0          SH:  0    Dex: 13    Spells: 5/6 levels left

rFire   . . .      SeeInvis .   (no weapon)
rCold   . . .      Faith    .   (no shield)
rNeg    . . .      Spirit   .   a - +0 robe
rPois   .          Reflect  .   (no helmet)
rElec   .          Harm     .   (no cloak)
rCorr   .          Rampage  .   (no gloves)
Will    .....                   (no boots)
Stlth   ++........              (no amulet)
HPRegen 0.03/turn               (no ring)
MPRegen 0.10/turn               (no ring)

@: no status effects
A: no striking features
a: no special abilities


You were on level 1 of the Dungeon.
You visited 1 branch of the dungeon, and saw 1 of its levels.

Inventory:

Armour
 a - a +0 robe (worn)


   Skills:
 + Level 0.0 Fighting
 - Level 2.4 Dodging
 - Level 2.5 Stealth
 - Level 3.0 Spellcasting
 - Level 4.4 Conjurations


You had 5 spell levels left.
You knew the following spells:

 Your Spells              Type           Power      Damage    Failure   Level
a - Magic Dart            Conj           88%        1d7       1%          1

Your spell library contained the following spells:

 Spells                   Type           Power      Damage    Failure   Level
 Searing Ray              Conj           44%        2d6       3%          2
 Dazzling Flash           Conj/Hex       26%        N/A       16%         3
 Fulminant Prism          Conj/Hex       6%         3d7       45%         4
 Iskenderun's Mystic Bla  Conj/Tloc      13%        2d5       45%         4


Dungeon Overview and Level Annotations

Branches:
Dungeon (1/15)

Altars:


Message History

The slug dart misses you.
You hit the plant but do no damage.
Casting: Magic Dart (safe; 1% risk of failure)
Confirm with . or Enter, or press ? or * to list all spells.
Aiming: Magic Dart (safe; 1% risk of failure)
Press: ? - help, Shift-Dir - straight line, f - dart slug
Aim: a dart slug (100% to hit)
The magic dart hits the dart slug.
The dart slug is heavily wounded.
You hit the plant.
The plant begins to die.
The plant is lightly damaged.
You hit the plant.
The plant is lightly damaged.
You hit the plant but do no damage.
The plant is lightly damaged.
You hit the plant but do no damage.
The plant is lightly damaged.
A nearby plant withers and dies.
The dart slug bites you but does no damage.
The dart slug launches a dart at you. The slug dart hits you.
Ouch! That really hurt!
You can't go down here!
You take 6 damage, and have 4/10 hp.
MASSIVE DAMAGE!!
Casting: Magic Dart (safe; 1% risk of failure)
Confirm with . or Enter, or press ? or * to list all spells.
Aiming: Magic Dart (safe; 1% risk of failure)
Press: ? - help, Shift-Dir - straight line, f/p - dart slug
Aim: a dart slug (moderately wounded, 100% to hit)
The magic dart hits the dart slug.
The dart slug is severely wounded.
You now have 5/6 mp.
A dart slug is nearby!
You hit the plant.
The plant begins to die.
The plant is lightly damaged.
You hit the plant.
The plant is lightly damaged.
The dart slug launches a dart at you. The slug dart hits you.
Ouch! That really hurt!
You die...

♣♣..♣..P...♣.P.# ##
#♣..P.P...P....♣# ≈.
#..P............# ≈.
#....P.....P.P..# ≈g
#.P.....<....P.♣#####≈≈
#....P.....P.....#..'##
..P.........♣.........
.♣.♣.P.w.P...........#
.. ♣P@.P............##
.♣.P....♣.♣.........##
#.........♣.....#)..$..
##..♣.....♣....####....
................. .....
#########.....(.####(#..
........# #[#..
...#.....# .#.# .#


You could see a dart slug.

Vanquished Creatures
  A kobold (D:1)
  A rat (D:1)
2 creatures vanquished.

Vanquished Creatures (others)
  A plant (D:1)
1 creature vanquished.

Grand Total: 3 creatures vanquished

Notes
Turn   | Place    | Note
-------+----------+-------------------------------------------
     0 | D:1      | Psyclone the Deep Elf Conjurer began the quest for the Orb.
     0 | D:1      | Reached XP level 1. HP: 10/10 MP: 6/6
    70 | D:1      | Killed from afar by a dart slug

Illustrated notes

Levels and vault maps discovered:
D:1:      wander_arrival_fairy_ring, layout_basic, chequers_serial_rivers_room_a

Action                   || total
-------------------------++-------
Melee: Unarmed           ||     7
 Cast: Magic Dart        ||     4
Armor: Robe              ||     1
Dodge: Dodged            ||     1
